 Dungeon Crawl Stone Soup version 0.20.1-1-g8b1a95d (webtiles) character file.

37408 sexinstructor the Tortoise (level 13, -12/82 HPs)
             Began as a Gargoyle Berserker on Dec 3, 2017.
             Was a High Priest of Trog.
             Mangled by duralumin's ghost (18 damage)
             ... on level 4 of the Lair of Beasts.
             The game lasted 01:32:28 (17308 turns).

sexinstructor the Tortoise (Gargoyle Berserker)    Turns: 17308, Time: 01:32:28

Health: -12/82     AC: 35    Str: 29    XL:     13   Next: 96%
Magic:  4/4        EV: 13    Int: 10    God:    Trog [*****.]
Gold:   930        SH:  0    Dex: 13    Spells: 12/12 levels left

rFire    . . .     SeeInvis .   R - +4 executioner's axe (antimagic)
rCold    . . .     Gourm    .   (shield currently unavailable)
rNeg     + . .     Faith    .   n - +0 plate armour
rPois    ∞         Spirit   .   E - +2 helmet
rElec    +         Reflect  .   (no cloak)
rCorr    .         Harm     .   x - +1 pair of gloves
MR       .....                  K - +0 pair of boots
Stlth    ..........             U - amulet "Deneir" {+Rage rPois Str+2 Dex+4}
Regen    0.3/turn               p - +3 ring of strength
MPRegen  0.1/turn               V - +4 ring of evasion

@: berserk cooldown, very slightly contaminated, slowed, very slow
A: negative energy resistance 1, electricity resistance, unbreathing,
petrification resistance, rot immunity, AC +9
a: Berserk, Trog's Hand, Brothers in Arms, Burn Spellbooks, Renounce Religion,
Evoke Berserk Rage


You were on level 4 of the Lair of Beasts.
You worshipped Trog.
Trog was extremely pleased with you.
You were hungry.

You visited 3 branches of the dungeon, and saw 14 of its levels.

You collected 930 gold pieces.

Inventory:

Hand Weapons
 a - a +1 short sword of flaming
 G - a +6 antimagic long sword
 P - a +1 war axe of freezing
 R - a +4 antimagic executioner's axe (weapon)
Armour
 n - a +0 plate armour (worn)
 x - a +1 pair of gloves (worn)
 E - a +2 helmet (worn)
 K - a +0 pair of boots (worn)
Jewellery
 g - an uncursed ring of protection from magic {unknown}
 p - a +3 ring of strength (left hand)
 y - a +3 ring of protection
 U - the amulet "Deneir" (around neck) {+Rage rPois Str+2 Dex+4}
   (You found it on level 9 of the Dungeon)

   [amulet of rage]

   It affects your strength (+2).
   It affects your dexterity (+4).
   It protects you from poison.
   It lets you go berserk.
 V - a +4 ring of evasion (right hand)
 Z - an uncursed amulet of regeneration
Wands
 b - a wand of enslavement (13/24)
 t - a wand of lightning (15/15)
 v - a wand of flame (32/48)
 A - a wand of flame (19/48)
 D - a wand of iceblast (6/15)
 H - a wand of confusion (19/48)
Scrolls
 e - 7 scrolls of teleportation
 h - a scroll of random uselessness {unknown}
 i - a scroll of brand weapon {unknown}
 k - 9 scrolls of remove curse
 o - a scroll of magic mapping
 w - 3 scrolls of fog
Potions
 c - 2 potions of ambrosia {unknown}
 d - 3 potions of haste
 f - 5 potions of curing
 j - 2 potions of cancellation
 q - 2 potions of flight
 r - 3 potions of brilliance
 s - 3 potions of might
 O - a potion of agility {unknown}
 S - a potion of resistance {unknown}
Books
 C - a Young Poisoner's Handbook

   Spells                             Type                      Level
   a - Sting                          Conjuration/Poison           1
   b - Poisonous Vapours              Poison/Air                   2
   c - Mephitic Cloud                 Conjuration/Poison/Air       3
   d - Olgreb's Toxic Radiance        Poison                       4
   e - Venom Bolt                     Conjuration/Poison           5
   Trog disapproves of the use of such an item.
 M - a book of Power

   Spells                             Type                      Level
   a - Iskenderun's Battlesphere      Conjuration/Charms           5
   b - Venom Bolt                     Conjuration/Poison           5
   c - Bolt of Magma                  Conjuration/Fire/Earth       5
   d - Iron Shot                      Conjuration/Earth            6
   e - Orb of Destruction             Conjuration                  7
   f - Spellforged Servitor           Conjuration/Summoning        7
   Trog disapproves of the use of such an item.
Miscellaneous
 T - a lightning rod (4/4)
Comestibles
 l - 6 meat rations
 u - 13 chunks of flesh
 z - 25 fruits
 B - 18 royal jellies
 F - 5 bread rations


   Skills:
 - Level 9.9 Fighting
 - Level 12.1(12.4) Axes
   Level 5.5(10.2) Maces & Flails
 * Level 17.5 Armour
 - Level 1.6 Dodging


You had 12 spell levels left.
You didn't know any spells.

Dungeon Overview and Level Annotations

Branches:
Dungeon (9/15)             Temple (1/1) D:5            Lair (4/6) D:8
  Swamp (0/4) Lair:3       Spider (0/4) Lair:3
    Orc: D:9-12

Altars:
Ashenzari
Cheibriados
Dithmenos
Elyvilon
Fedhas
Gozag
Hepliaklqana
Kikubaaqudgha
Makhleb
Nemelex Xobeh
Okawaru
Qazlal
Ru
Sif Muna
Trog
Uskayaw
Vehumet
Xom
Yredelemnul
Zin
The Shining One
Beogh

Shops:
D:6 %

Annotations:
D:9 Erolcha
Lair:4 duralumin's ghost, journeyman FeBe


Innate Abilities, Weirdness & Mutations

You are resistant to torment.
Your stone body is resilient. (AC +9)
You are immune to poison.
You resist negative energy. (rN+)
You are resistant to electric shocks. (rElec)
You can survive without breathing.
You are immune to petrification.
You are immune to rotting.


Message History

Duralumin's ghost hits you but does no damage.
You miss duralumin's ghost.
Duralumin's ghost is heavily damaged.
Duralumin's ghost says, "I break bones and crack skulls... with my bare hands."
Duralumin's ghost hits you!
* * * LOW HITPOINT WARNING * * *
You completely miss duralumin's ghost.
Duralumin's ghost is heavily damaged.
You are no longer berserk.
You are exhausted.
You feel yourself slow down. Duralumin's ghost misses you.
Blink to where?
Press: ? - help, Dir - move target cursor You are very lightly contaminated with residual magic.
As you read the scroll of blinking, it crumbles to dust.
Duralumin's ghost hits you!
* * * LOW HITPOINT WARNING * * *
Duralumin's ghost misses you. Duralumin's ghost hits you!!
You die...

#.#†W..#### P.##..# ##.#..##
..##.## ### #P..#..###
#.#...####
#.####.P...##.######.....##.#
##.##.#P.#..................##
....................###...#.#
.†####...####.#.P..##
##....### .## #P### ###W....#
##P.....# ## ### ###P.@..##
#P....### #
##.#.<...#####.....#
#...........###...##
##.........## #...#
#.........# #..## ####...####
#..## #....# #..P# #|..##
#..## #...# ##...#


You could see duralumin's ghost.

Vanquished Creatures
  Gastronok (Lair:3)
  A centaur warrior (D:9)
  6 two-headed ogres
  The ghost of AdmiralAndromeda the Grappler, a novice DrTm of Qazlal (D:9)
  A death yak (Lair:4)
  The ghost of IrkenScum the Spear-Bearer, a novice FoFi of Okawaru (D:7)
  4 elephants
  A black mamba (Lair:1)
  9 spiny frogs
  A torpor snail (Lair:4)
  3 komodo dragons
  A queen bee (Lair:3)
  11 hippogriffs
  14 blink frogs
  A dream sheep (Lair:1)
  3 spriggans (Lair:1)
  4 wyverns
  38 yaks
  7 basilisks
  3 hungry ghosts (D:9)
  8 swamp worms
  Duvessa (D:5)
  7 porcupines
  10 water moccasins
  A sky beast (D:8)
  4 orc warriors
  5 black bears
  2 phantoms
  7 ogres
  9 wolves
  The ghost of IrkenScum the Poker, an amateur MfGl (D:3)
  4 centaurs
  11 crocodiles
  A big kobold (D:9)
  18 bullfrogs
  A gnoll sergeant (D:9)
  A wyvern skeleton (D:9)
  Dowan (D:5)
  28 killer bees
  2 wights (D:9)
  An electric eel (Lair:3)
  2 vampire bats (Lair:2)
  5 jellies
  2 crimson imps
  2 centaur zombies
  8 hounds
  A quasit (D:9)
  A bullfrog skeleton (D:5)
  4 orc priests
  2 centaur skeletons (D:8)
  An iguana (D:8)
  6 orc wizards
  11 worker ants
  A hell rat (Lair:3)
  A hound zombie (D:9)
  A hound skeleton (D:4)
  2 howler monkey skeletons
  3 gnolls (D:4)
  14 adders
  A river rat (Lair:3)
  5 shadow imps
  5 oozes (D:9)
  An adder zombie (D:7)
  3 adder skeletons
  14 worms
  6 leopard geckos
  41 orcs
  14 bats
  5 giant cockroaches
  5 goblins
  6 hobgoblins
  8 jackals
  5 kobolds
  8 quokkas
  3 ball pythons
  3 frilled lizards
  A leopard gecko skeleton (D:7)
  7 rats
  7 fungi
  2 plants
451 creatures vanquished.

Vanquished Creatures (collateral kills)
  2 hydras
  An unseen horror (D:9)
3 creatures vanquished.

Vanquished Creatures (others)
  A centaur skeleton (D:8)
  A quokka (D:8)
  14 bushes (Lair:4)
  13 fungi
  25 plants
54 creatures vanquished.

Grand Total: 508 creatures vanquished

Notes
Turn   | Place    | Note
-------+----------+-------------------------------------------
     0 | D:1      | sexinstructor the Gargoyle Berserker began the quest for the Orb.
     0 | D:1      | Reached XP level 1. HP: 14/14 MP: 1/1
   265 | D:1      | Reached XP level 2. HP: 15/20 MP: 2/2
   773 | D:2      | Reached XP level 3. HP: 24/24 MP: 3/3
   775 | D:2      | Found a shimmering altar of Xom.
  1264 | D:2      | Reached XP level 4. HP: 29/29 MP: 4/4
  1367 | D:2      | Found a sparkling altar of Nemelex Xobeh.
  1732 | D:3      | Found a bloodstained altar of Trog.
  1821 | D:3      | Reached ** piety under Trog
  1866 | D:3      | Found a faded altar of an unknown god.
  1868 | D:3      | Noticed IrkenScum's ghost (amateur MfGl)
  1904 | D:3      | Killed IrkenScum's ghost
  1904 | D:3      | Reached skill level 5 in Maces & Flails
  1904 | D:3      | Reached XP level 5. HP: 29/34 MP: 5/5
  2705 | D:3      | Reached XP level 6. HP: 20/40 MP: 6/6
  3114 | D:4      | Reached skill level 5 in Fighting
  3119 | D:4      | Reached skill level 1 in Axes
  3896 | D:4      | Reached XP level 7. HP: 37/44 MP: 7/7
  4177 | D:4      | Reached *** piety under Trog
  4219 | D:4      | You fall through a shaft!
  4219 | D:5      | Entered Level 5 of the Dungeon
  4219 | D:5      | Found a staircase to the Ecumenical Temple.
  4224 | Temple   | Entered the Ecumenical Temple
  4507 | D:5      | Noticed Dowan
  4508 | D:5      | Noticed Duvessa
  4516 | D:5      | Killed Dowan
  4528 | D:5      | Killed Duvessa
  4571 | D:5      | Reached skill level 5 in Axes
  4571 | D:5      | Reached XP level 8. HP: 11/51 MP: 8/8
  4961 | D:5      | Found a radiant altar of Vehumet.
  6256 | D:6      | Found Gatosech's Food Shop.
  6442 | D:6      | Received a gift from Trog
  6466 | D:6      | Reached XP level 9. HP: 36/57 MP: 9/9
  6598 | D:6      | Got a brightly glowing hand crossbow
  6599 | D:6      | Identified the +7 hand crossbow "Cicazoe" {penet, rElec rF+ MR-} (You found it on level 6 of the Dungeon)
  6941 | D:7      | Noticed IrkenScum's ghost (novice FoFi)
  6964 | D:7      | Killed IrkenScum's ghost
  8060 | D:8      | Noticed a two-headed ogre
  8169 | D:8      | Reached XP level 10. HP: 36/64 MP: 10/10
  8175 | D:8      | Reached skill level 10 in Axes
  8242 | D:8      | Found a white marble altar of Elyvilon.
  8380 | D:8      | Reached **** piety under Trog
  8707 | D:8      | Killed a two-headed ogre
  8878 | D:8      | Noticed a two-headed ogre
  8886 | D:8      | Killed a two-headed ogre
  8967 | D:8      | Noticed an elephant
  8968 | D:8      | Found a staircase to the Lair.
  8976 | D:8      | Noticed a two-headed ogre
  9013 | D:8      | Killed an elephant
  9020 | D:8      | Killed a two-headed ogre
  9242 | D:8      | Reached XP level 11. HP: 72/72 MP: 11/11
  9508 | D:9      | Found a sparkling altar of Nemelex Xobeh.
  9605 | D:9      | Found a roughly hewn altar of Beogh.
  9695 | D:8      | HP: 2/108 [orc warrior/dire flail (7)]
 10285 | D:9      | Reached skill level 3 in Armour
 10390 | D:9      | Noticed a seven-headed hydra
 10930 | D:9      | Found a shattered altar of Ashenzari.
 10940 | D:9      | Reached skill level 4 in Armour
 10952 | D:9      | Noticed a two-headed ogre
 10957 | D:9      | Killed a two-headed ogre
 10957 | D:9      | Reached skill level 5 in Armour
 11110 | D:9      | Got a slimy emerald amulet
 11114 | D:9      | Identified the amulet "Deneir" {+Rage rPois Str+2 Dex+4} (You found it on level 9 of the Dungeon)
 11158 | D:9      | Noticed AdmiralAndromeda's ghost (novice DrTm)
 11190 | D:9      | Killed AdmiralAndromeda's ghost
 11190 | D:9      | Reached skill level 6 in Armour
 11324 | D:9      | Reached skill level 7 in Armour
 11387 | D:9      | Noticed a two-headed ogre
 11392 | D:9      | Killed a two-headed ogre
 11392 | D:9      | Reached skill level 8 in Armour
 11409 | D:9      | Noticed a centaur warrior
 11426 | D:9      | Noticed a two-headed ogre
 11447 | D:9      | Killed a two-headed ogre
 11447 | D:9      | Reached skill level 9 in Armour
 11455 | D:9      | Killed a centaur warrior
 11457 | D:9      | Reached ***** piety under Trog
 11676 | D:9      | Reached skill level 10 in Armour
 11887 | D:9      | Killed a seven-headed hydra
 11887 | D:9      | Reached XP level 12. HP: 77/77 MP: 12/12
 11978 | D:9      | Noticed Erolcha
 12063 | Lair:1   | Entered Level 1 of the Lair of Beasts
 12358 | Lair:1   | Reached skill level 11 in Armour
 12907 | Lair:1   | Reached skill level 12 in Armour
 12961 | Lair:1   | Received a gift from Trog
 13832 | Lair:2   | Reached skill level 13 in Armour
 14811 | Lair:3   | Reached skill level 14 in Armour
 14842 | Lair:3   | Reached XP level 13. HP: 59/82 MP: 4/13
 15220 | Lair:3   | Reached skill level 15 in Armour
 15302 | Lair:3   | Received a gift from Trog
 15483 | Lair:3   | Noticed Gastronok
 15502 | Lair:3   | Received a gift from Trog
 15512 | Lair:3   | Killed Gastronok
 15616 | Lair:3   | Reached skill level 16 in Armour
 15798 | Lair:3   | Found a hole to the Spider Nest.
 15855 | Lair:3   | Found a staircase to the Swamp.
 16776 | Lair:4   | Reached skill level 17 in Armour
 17276 | Lair:4   | Noticed duralumin's ghost (journeyman FeBe)
 17308 | Lair:4   | Mangled by duralumin's ghost

Skill      XL: |  1  2  3  4  5  6  7  8  9 10 11 12 13 |
---------------+----------------------------------------+-----
Fighting       | 4 5 6 7 8 9 |  9.9
Maces & Flails | 4 5 |  5.5
Axes           | 2 5 7 9 11 12 | 12.1
Armour         | 10 14 17 | 17.5
Dodging        | |  1.6

Action                   |  1- 3 |  4- 6 |  7- 9 | 10-12 | 13-15 || total
-------------------------+-------+-------+-------+-------+-------++-------
Melee: Mace              |    75 |    78 |       |       |       ||   153
       War axe           |       |   127 |   317 |    10 |       ||   454
       Battleaxe         |       |       |       |   567 |       ||   567
       Executioner's axe |       |       |       |   169 |   328 ||   497
       Long sword        |       |       |       |    14 |    47 ||    61
Invok: Berserk           |     2 |     2 |     4 |    14 |     3 ||    25
       Trog's Hand       |       |       |     1 |     1 |     1 ||     3
       Brothers in Arms  |       |       |       |     2 |     1 ||     3
  Use: Scroll            |       |     2 |     2 |    13 |     7 ||    24
       Potion            |       |       |     1 |       |       ||     1
 Stab: Sleeping          |       |     2 |       |       |       ||     2
  Eat: Chunk             |     2 |     3 |    14 |    42 |    11 ||    72
       Bread ration      |     1 |     1 |       |     2 |       ||     4
       Fruit             |       |       |     3 |     3 |     1 ||     7
       Meat ration       |       |       |       |     3 |       ||     3
Armor: Animal skin       |    20 |    88 |       |       |       ||   108
       Chain mail        |       |    44 |   217 |   123 |       ||   384
       Plate armour      |       |       |       |   473 |   338 ||   811
Dodge: Dodged            |    46 |   191 |   129 |   440 |   359 ||  1165
       Rpst.: Long sword |       |       |       |     8 |     9 ||    17
